[Event "French-ch U16-U18 2024"]
[Site "Agen"]
[Date "2024.04.21"]
[Round "9.6"]
[White "Breuil, Tristan"]
[Black "Dessyn, Timothee"]
[Result "1-0"]
[ECO "B38"]
[WhiteElo "2281"]
[BlackElo "2110"]
[Annotator "TA"]
[PlyCount "121"]
[EventDate "2024.04.14"]
[EventType "swiss"]
[EventCountry "FRA"]
[SourceTitle "playchess.com"]
[Source "ChessBase"]
[SourceQuality "1"]
[TimeControl "5400+30"]

1. e4 {[%emt 0:00:35] Havasi,Gergo} c5 2. Nf3 g6 3. d4 cxd4 4. Nxd4 Nc6 5. c4 Nf6 6. Nc3 d6 7. f3 Bg7 8. Be3 O-O 9. Be2 Nh5 {[%emt 0:00:05] B38: Sicilian: Maroczy Bind with 5...Bg7 and 7...0-0.} 10. g3 Nxd4 11. Bxd4 Be6 12. O-O Rc8 13. b3 (13. Bxa7 b6 14. Nb5 Bxb2 $15 (14... Bxc4 15. Bxc4 Rxc4 16. a4 $11)) 13... Nf6 14. f4 (14. Bxa7 b6 15. Nb5 Ra8 $15) 14... Bh3 $146 ({Predecessor:} 14... Qa5 15. f5 Bd7 16. a3 e6 17. b4 Qd8 18. fxg6 fxg6 19. e5 dxe5 20. Bxe5 Bc6 {1-0 So,W (2788)-Mamedov,R (2658) Gashimov Memorial 2nd 2015 (4)}) 15. Rf2 h5 16. Qd3 Qa5 17. Nd5 (17. f5 $14) 17... Nxd5 $11 18. Bxg7 Kxg7 19. exd5 a6 20. Qd4+ Kg8 21. Bd3 Qc5 22. Qxc5 Rxc5 23. f5 g5 24. Re1 Re8 25. Be2 (25. g4 $1 $16) 25... g4 (25... b5 $14) 26. Bd3 $18 f6 27. a4 (27. b4 $142 Rc7 28. c5) 27... Kf7 (27... a5 $16) 28. Rc2 (28. b4 $1 $18 Rc7 29. a5) 28... a5 $16 29. Rb2 Ra8 30. b4 Rc7 {[%emt 0:00:59] [#]} (30... axb4 $14 31. Rxb4 Ra7) 31. Kf2 ({Better is} 31. c5 $1 $16 ) 31... axb4 $14 32. Rxb4 Kg7 33. Reb1 Ra7 34. R1b2 Kh6 35. Ke3 Kg5 (35... Kg7 $142) 36. Kd4 Kh6 37. Ra2 Kg7 (37... h4 $16) 38. Rb5 $18 Kf7 {[%emt 0:00:31] [#]} (38... Ra8 $16 {was worth a try.} 39. c5 dxc5+ 40. Rxc5 Rd7) 39. c5 $1 $18 dxc5+ 40. Rxc5 Rd7 (40... b6 $142 41. Rxc7 (41. Rc6 Rcb7 $16) 41... Rxc7) 41. Bb5 $18 b6 42. Rc6 Rdb7 43. Rac2 Ra8 44. Rc8 Rab8 45. Be8+ Kg7 46. Bb5 (46. Bxh5 Kh6 47. Be8 Rxc8 48. Rxc8 Bg2 $18) 46... Kf7 $1 47. Ba6 Rxc8 48. Rxc8 Rd7 49. Bb5 Rd6 50. Bc6 h4 $2 (50... Bg2 51. Ra8 Bf3) 51. Rb8 $18 hxg3 52. hxg3 (52. Rxb6 $2 {is the wrong capture.} gxh2 53. Rb1 g3 $19) 52... Bg2 53. Rxb6 Rd8 54. a5 Bf1 55. a6 Bxa6 56. Rxa6 Rb8 57. Ra7 Rb1 58. Bd7 Rg1 59. Be6+ Kf8 60. Ra8+ Kg7 61. Rg8+ 1-0

[Event "French-ch U16-U18 2024"]
[Site "Agen"]
[Date "2024.04.21"]
[Round "9.7"]
[White "Ernst, Luca"]
[Black "Kuhn, Clement"]
[Result "0-1"]
[ECO "B06"]
[WhiteElo "2133"]
[BlackElo "2349"]
[Annotator "TA"]
[PlyCount "176"]
[EventDate "2024.04.14"]
[EventType "swiss"]
[EventCountry "FRA"]
[SourceTitle "playchess.com"]
[Source "ChessBase"]
[SourceQuality "1"]
[TimeControl "5400+30"]

1. e4 g6 2. d4 Bg7 3. Nf3 d6 4. Bd3 Bg4 5. c3 e5 6. dxe5 {[%emt 0:07:36] B06: Modern Defence.} Bxe5 7. Qb3 $146 ({Predecessor:} 7. O-O Bg7 8. Nbd2 Ne7 9. Re1 O-O 10. Nf1 Nbc6 11. h3 Bxf3 12. Qxf3 Ne5 13. Qd1 Nxd3 14. Qxd3 {0-1 Chen,Q (1776)-Sulzbacher,M (2018) AUT-ch Vor4 Internet blitz 2020 (1)}) 7... Nd7 8. Nxe5 Nxe5 9. O-O Nxd3 10. Qb5+ Qd7 11. Qxd3 O-O-O 12. Qd4 Ne7 13. Qxa7 Qb5 14. Na3 Qa6 15. Qxa6 bxa6 16. f3 Be6 17. Bg5 Rd7 18. Nc2 Re8 19. Nd4 c5 20. Nxe6 fxe6 21. Rad1 Nc6 22. Rfe1 Rf8 23. Bh6 Rfd8 24. Bg5 Rf8 25. Be3 Kc7 26. Re2 a5 27. Red2 Ne5 28. b3 Kc6 29. Bh6 Rb8 30. Bf4 Nf7 31. Kf2 a4 32. Rb1 g5 33. Bg3 Rdb7 34. Rdb2 h5 35. h3 h4 36. Bh2 axb3 37. axb3 e5 38. Ke2 Nd8 39. Kd3 Rb5 40. Kc4 Nb7 41. b4 Ra8 42. Bg1 Ra3 43. bxc5 dxc5 44. Rxb5 Nd6+ 45. Kd3 c4+ 46. Kd2 Nxb5 47. Rc1 Ra2+ 48. Rc2 Ra1 49. Be3 Na3 50. Rb2 Nb1+ 51. Rxb1 Rxb1 52. Bxg5 Rb2+ 53. Ke3 Rc2 54. Bxh4 Rxc3+ 55. Kd2 Ra3 56. Bf6 Kd6 57. h4 Ra2+ 58. Kc3 Rxg2 59. Kxc4 Rg3 60. Bg5 Rxf3 61. h5 Rg3 62. Bd2 Ke6 63. h6 Kf6 ({Black should play} 63... Rg1 $17) 64. Bc1 (64. Bb4 $1 $11) 64... Rg8 65. Kd3 Rg3+ 66. Kc4 Rg1 67. Ba3 {[%emt 0:01:23] [#]} (67. Be3 $142 Rd1 68. Kc3) 67... Rd1 (67... Re1 $1 $17 68. Kd3 Rd1+ 69. Kc3 Kf7) 68. Kc5 (68. Bf8 $1 $11) 68... Rd4 69. Bb2 Rd8 (69... Rxe4 70. h7 Rh4 71. Kd5 $11) 70. Ba3 Ke6 71. Bb4 Rd4 72. Be1 Rd1 (72... Rxe4 73. h7 Rxe1 74. h8=Q $18) 73. Bh4 Rc1+ 74. Kb5 Rg1 75. Bf2 Rg2 76. Be3 Rc2 77. Bg5 Re2 78. Kc5 Rc2+ (78... Rxe4 79. h7 Rg4 80. Bh6 $18 (80. h8=N {leads to mate.} Rxg5 81. Kc4 Rg8)) 79. Kb5 Kf7 80. h7 Rc8 81. h8=Q Rxh8 82. Kc4 Ke6 83. Kd3 Rh3+ 84. Be3 (84. Kc2 $17 {was called for.}) 84... Kd6 $19 85. Ke2 Kc6 86. Ba7 Rb3 87. Kf2 {[%emt 0:00:25] [#]} Rb7 $1 88. Be3 Kb5 0-1

[Event "French-ch U16-U18 2024"]
[Site "Agen"]
[Date "2024.04.21"]
[Round "9.8"]
[White "Eugene, Nathael"]
[Black "Boumrar, Ayrad"]
[Result "0-1"]
[ECO "B15"]
[WhiteElo "2137"]
[BlackElo "2191"]
[Annotator "TA"]
[PlyCount "112"]
[EventDate "2024.04.14"]
[EventType "swiss"]
[EventCountry "FRA"]
[SourceTitle "playchess.com"]
[Source "ChessBase"]
[SourceQuality "1"]
[TimeControl "5400+30"]

1. e4 c6 2. Nc3 d5 3. d4 dxe4 4. Nxe4 Nf6 5. Nxf6+ exf6 6. c3 Bd6 7. Bd3 O-O 8. Qc2 Re8+ 9. Ne2 h5 10. O-O h4 11. h3 Nd7 12. Bd2 Nf8 13. Rae1 Bc7 14. f4 g6 15. f5 g5 16. Qd1 Qd6 (16... b5 {simplifies} 17. Nc1 Rxe1 18. Rxe1 Bb7) 17. Nf4 $1 Bd7 $1 18. Qh5 b5 {[%emt 0:13:07] [#]} (18... gxf4 $2 19. Bc4 $18 (19. Bxf4 Qxf4 20. Rxf4 Rxe1+ 21. Rf1 Rae8 $11) (19. Bxf4 Qxf4 20. Rxf4 Rxe1+ 21. Rf1 Rxf1+ 22. Kxf1 Re8 $15)) (18... Rxe1 $11 19. Rxe1 b5 (19... gxf4 $2 20. Bc4 $18)) 19. Bc2 ({White should try} 19. Qh6 $1 $16 Nh7 20. Nh5) 19... c5 $11 20. Rd1 c4 (20... Nh7 $5) 21. g3 (21. Qh6 $11 {remains equal.} Bc6 22. d5 Bxd5 23. Nxd5 Qh2+ 24. Kf2 Qg3+ 25. Kg1 Qh2+ 26. Kf2 Qg3+ 27. Kg1 Qh2+) 21... Bc6 (21... gxf4 $2 22. Rxf4 Ne6 (22... hxg3 $2 23. Rg4+ $18) 23. fxe6 Bxe6 24. Re1 $18 (24. Rxf6 $2 Qxg3+ 25. Kh1 Qh2#) (24. Qxh4 Kf8 $18)) ({Better is} 21... hxg3 $17 {[%cal Od7c6] Hoping for ...Bc6!} 22. Qh6 g2 (22... gxf4 $2 23. Rxf4 $18)) 22. gxh4 $2 (22. Qh6 $1 $11 gxf4 23. Rxf4) 22... gxf4 $19 23. Bxf4 {[%emt 0:00:30] [#]} Qd5 $1 24. Qg4+ (24. Bxc7 $2 Qg2#) 24... Kh8 25. Bxc7 Nh7 26. Kf2 (26. Kh2 {keeps fighting.} Rg8 27. Be4 Qxe4 28. Qxe4 Bxe4 29. Bg3) 26... Rg8 $19 27. Be4 Qxe4 28. Qxe4 Bxe4 29. d5 Rae8 30. d6 (30. Rg1 {might work better.} Rxg1 (30... Bxf5 $2 31. Rge1 $19) 31. Rxg1) 30... Rg2+ $19 (30... Bxf5 31. d7 Rd8 32. Bxd8 Rxd8 33. Rfe1 $17) 31. Ke3 Bd3+ 32. Kd4 Bxf1 ({Stronger than} 32... Rxb2 33. d7 Rf8 34. Rfe1 (34. d8=B $2 {loses.} Bxf1 35. Rxf1 Rxa2 $19) (34. d8=Q $2 {perishes.} Rxd8+ 35. Bxd8 Bxf1 $19) 34... Bxf5 (34... Be2 $2 35. Kc5 $18) 35. d8=Q (35. d8=R Rxd8+ 36. Bxd8 Bxh3 $16) 35... Rxd8+ 36. Bxd8 $16) 33. d7 Reg8 34. d8=Q Rxd8+ 35. Bxd8 Bd3 36. b4 Rxa2 37. h5 Be2 38. Re1 Rd2+ 39. Kc5 a6 40. h4 Bxh5 41. Re8+ Kg7 42. Kb6 Rd6+ 43. Ka5 Bd1 44. Bb6 Rd5 45. Kxa6 Rxf5 46. Bc5 Ba4 47. Kb6 Re5 48. Rd8 Re6+ 49. Kc7 f5 50. Bd4+ f6 51. Kd7 Re4 52. h5 f4 53. Kd6 f3 54. Kd5 Rxd4+ 55. Kxd4 f2 56. Rd7+ Kh6 0-1

[Event "French-ch U16-U18 2024"]
[Site "Agen"]
[Date "2024.04.21"]
[Round "9.9"]
[White "Flagiello, Francesco"]
[Black "Trevisiol, Antoine"]
[Result "0-1"]
[ECO "C78"]
[WhiteElo "1952"]
[BlackElo "2235"]
[Annotator "TA"]
[PlyCount "66"]
[EventDate "2024.04.14"]
[EventType "swiss"]
[EventCountry "FRA"]
[SourceTitle "playchess.com"]
[Source "ChessBase"]
[SourceQuality "1"]
[TimeControl "5400+30"]

1. e4 e5 2. Nf3 Nc6 3. Bb5 a6 4. Ba4 Nf6 5. O-O b5 6. Bb3 Bc5 7. c3 d6 8. d4 Bb6 9. h3 O-O 10. Re1 h6 11. a4 Bb7 12. d5 Ne7 13. Nbd2 Nd7 14. Nf1 {[%emt 0:07:53] The position is equal.} f5 15. Ng3 {[%emt 0:05:27] [#]} f4 ({Black should try} 15... bxa4 $1 $17 16. Bc2 fxe4 17. Nxe4 Bxd5 18. Rxa4 Qe8) 16. Nf1 $15 Kh8 17. Qe2 g5 18. axb5 axb5 {[%emt 0:02:00] White is on the road to losing.} 19. Bd2 Nf6 {[%emt 0:02:50] ...g4 would now be deadly.} 20. N3h2 (20. Rxa8 $17 {is a better defense.} Qxa8 21. N1h2) 20... Rxa1 21. Rxa1 Qd7 22. Ng4 {[%emt 0:02:38] [#]} Neg8 23. Nxf6 (23. c4 {keeps fighting.}) 23... Nxf6 $19 24. Kh2 $2 (24. Kh1 {was worth a try.}) 24... Bc8 25. f3 h5 {[%emt 0:02:16] ...g4 is the strong threat.} 26. Be1 g4 27. fxg4 (27. Kh1 $142 gxh3 28. Bh4 hxg2+ 29. Qxg2) 27... hxg4 {[%emt 0:01:14] Threatens to win with ...Qh7.} 28. Bh4 gxh3 29. Bxf6+ Rxf6 30. Qh5+ Kg7 31. gxh3 Rh6 {[%emt 0:00:47] Black mates.} 32. Qg5+ Kh7 33. h4 Qh3# {[%emt 0:00:11] Weighted Error Value: White=0.92/Black=0.07 (flawless) .  Mistake:       	White=4     	Black=1      Inaccurate:     	White=6     	---        OK:         	White=3     	Black=4      Best:        	---       	Black=3} 0-1

[Event "French-ch U16-U18 2024"]
[Site "Agen"]
[Date "2024.04.21"]
[Round "9.10"]
[White "Reymann, Nathan"]
[Black "Lissillour, Baptiste"]
[Result "1/2-1/2"]
[ECO "B30"]
[WhiteElo "1938"]
[BlackElo "2130"]
[Annotator "TA"]
[PlyCount "65"]
[EventDate "2024.04.14"]
[EventType "swiss"]
[EventCountry "FRA"]
[SourceTitle "playchess.com"]
[Source "ChessBase"]
[SourceQuality "1"]
[TimeControl "5400+30"]

1. e4 c5 2. Nf3 Nc6 3. Nc3 g6 4. Bb5 Bg7 5. Bxc6 bxc6 6. d3 e5 7. Be3 d6 8. h3 f5 9. exf5 gxf5 10. Ng5 Nf6 {[%emt 0:00:07] Dodges Qh5+} 11. f4 h6 12. Nf3 (12. fxe5 $1 $11 hxg5 13. exf6 Qxf6 (13... Bxf6 14. O-O $11) 14. Qf3) 12... e4 $17 13. dxe4 fxe4 14. Nd2 (14. Nh4 $1 $15) 14... O-O {[%emt 0:00:49] Threatens to win with ...Nd5.} 15. O-O Nd5 $2 (15... Qe7 $1 $17 {keeps the pressure on. Hoping for ...Nd5.} 16. Re1 d5) 16. Nxd5 $1 $16 cxd5 {[%emt 0:00:02][%cal Bc6d5,Bd5d4][%mdl 32] [#]} 17. Nxe4 $1 Bb7 {[%emt 0:03:09][%cal Od8e7] ...Qe7! would now be deadly.} (17... Be6 18. f5) 18. Ng3 Qe8 19. Re1 (19. Bc1 $16) 19... d4 $14 20. Bd2 Qc6 21. Re2 Rae8 {[%emt 0:01:41] [#]} (21... Kh7 $14) 22. Rf2 $1 $16 {[%emt 0:00:18] And now f5 would win.} c4 {[%emt 0:07:15] ...c3 is the strong threat.} 23. c3 (23. f5 $142) 23... Qb6 (23... Kh7 $16) 24. cxd4 $4 (24. f5 $18 d5 25. Qg4) 24... Bxd4 $19 25. Qg4+ Kf7 $2 ({Black should play} 25... Kh7 $19 26. Raf1 Rg8 (26... Bxf2+ 27. Rxf2 Qxb2 28. Nh5 $11) (26... Qxb2 27. Qd7+ Kg8 28. Kh2 $11) 27. Qf5+ (27. Qd7+ $2 Kh8 $19) 27... Kh8) 26. Qf5+ ({Don't blunder} 26. Qh5+ $2 Ke6 27. Qg4+ (27. Qxh6+ $2 {too greedy.} Kd7 $19) 27... Ke7 (27... Kd5 28. Raf1 $11) 28. Re1+ Kd8 $19) 26... Ke7 27. Re1+ Kd8 28. Rxe8+ Kxe8 29. Qe6+ $1 Kd8 30. Ba5 $1 {[%emt 0:00:43] The position is equal.} Bxf2+ {[%emt 0:00:23] This pair of bishops is nice.} 31. Kf1 {[%emt 0:00:33] Dancing on a razor blade.} Qxa5 32. Qxd6+ Ke8 33. Qe6+ {[%emt 0:03:33] Weighted Error Value: White=0.32/Black=0.42.  Missed win:     	White=1     	Black=1      Mistake:       	White=4     	Black=3      Inaccurate:     	---       	Black=2      OK:         	White=8     	Black=6      Best:        	White=5     	Black=4      Strong:       	White=4     	---        Brilliant:      	White=1     	---} 1/2-1/2

[Event "French-ch U16-U18 2024"]
[Site "Agen"]
[Date "2024.04.21"]
[Round "9.11"]
[White "Grimault, Leane"]
[Black "Deladerriere, Calypso"]
[Result "1-0"]
[ECO "A09"]
[WhiteElo "1930"]
[BlackElo "1935"]
[Annotator "TA"]
[PlyCount "149"]
[EventDate "2024.04.14"]
[EventType "swiss"]
[EventCountry "FRA"]
[SourceTitle "playchess.com"]
[Source "ChessBase"]
[SourceQuality "1"]
[TimeControl "5400+30"]

1. Nf3 d5 2. e3 Nc6 3. c4 d4 4. d3 e5 5. Be2 Bc5 6. O-O Nge7 7. exd4 Bxd4 8. Nc3 {[%emt 0:02:51] Black is slightly better.} O-O 9. a3 a5 10. Rb1 Nf5 11. Nd5 Be6 12. Ne3 Nh4 (12... a4 $15) 13. Nc2 (13. b4 $11) 13... Ba7 (13... Nxf3+ {simplifies} 14. Bxf3 Bf5 15. Bd5 Qd6) 14. b4 axb4 15. axb4 Bf5 16. b5 Nxf3+ 17. Bxf3 Nd4 (17... Na5 $11 18. Be2 Re8) 18. Be4 (18. Bxb7 $16 Rb8 19. Be4) 18... c6 19. Ne3 (19. Bxf5 $11 {remains equal.} Nxf5 20. Qf3) 19... Be6 (19... Bxe4 $17 20. dxe4 Qh4) 20. Ba3 $11 Re8 {[%emt 0:00:40] [#] Hoping for ...f5.} 21. bxc6 bxc6 {[%emt 0:00:52] And now ...f5 would win.} 22. Bb2 f5 (22... Qd7 $11 {keeps the balance.}) 23. Bxd4 $16 fxe4 24. Bxa7 (24. Bxe5 $6 Bxe3 (24... exd3 25. Rb7 $14) 25. fxe3 Bxc4 (25... Qxd3 26. Qxd3 exd3 27. Rb7 $16) 26. Bxg7 Qxd3 $14) 24... Rxa7 25. dxe4 Qd4 26. Qc2 Rea8 27. Rfd1 Qc5 28. Qb3 Qf8 29. Qb6 Ra2 30. Rf1 (30. Qxc6 $6 Qxf2+ 31. Kh1 Bf7 $14) 30... R2a6 (30... Rc8 $16 31. Ra1 Rxa1 32. Rxa1 h5) 31. Qc7 $18 Re8 32. Rb7 (32. Qxe5 Bxc4 33. Nxc4 Rxe5 34. Nxe5 Ra2 $14) 32... Bc8 (32... Qf7 {is a better defense.} 33. Qxf7+ Bxf7) 33. Rb8 Ra2 34. Qxc6 Bd7 35. Qd5+ (35. Qxd7 Rxb8 36. c5 Re2 $16) 35... Kh8 36. Rb6 Bc8 37. c5 Re2 (37... Ra5 {keeps fighting.} 38. Rd6 Qg8) 38. Nc4 {[%emt 0:03:58][%cal Be3c4,Bc4d6,Bd6f7][%mdl 32] Black must now prevent Nd6!} Qf4 39. Qd3 Rxe4 40. Nd6 Rd4 41. Qb3 Rf8 42. Rb8 Ba6 43. Rxf8+ Qxf8 44. Nf7+ Kg8 45. Nh6+ Kh8 {[%emt 0:00:00][%cal Oa6c4] ...Bc4! would now be deadly.} 46. Nf7+ $40 {[%emt 0:00:31][%mdl 128] White has some attack.} Kg8 {[%emt 0:00:00] Threatens to win with ...Bc4. Black is on the road to losing.} 47. Nxe5+ Kh8 48. Nf7+ Kg8 49. Nd6+ Kh8 50. Re1 {[%emt 0:01:11] aiming for Qf3.} h6 51. Re8 Qxe8 52. Nxe8 {[%emt 0:00:04] Intending h3 and mate.} Re4 {[%emt 0:00:05] [#]} 53. h3 $1 {[%emt 0:00:29] Qf7 would kill now.} Rxe8 {[%emt 0:00:14][%mdl 4096] Endgame. KQ-KRB} 54. Qa4 Re1+ 55. Kh2 Bc8 56. Qa8 Re8 57. c6 Kh7 58. c7 Kh8 59. Qc6 Rf8 60. Qd6 Kg8 61. f4 Re8 62. g4 Kf7 63. f5 {[%emt 0:00:37] White threatens Qg6+ and mate.} Re7 64. Qd5+ Kf8 65. Qd8+ Re8 66. f6 g6 67. Qd2 Kf7 68. Qxh6 Kxf6 69. Qf4+ (69. Kg3 $142 Rg8 70. Qh7 Rg7 71. Qh8 Bd7 72. Qf8+ (72. c8=B Bxc8 73. Qf8+ Rf7 $18) 72... Rf7 73. g5+ (73. c8=R Rxf8 74. Rxf8+ Ke7 $18) (73. c8=Q Bxc8 74. g5+ Ke6 $18) 73... Ke6 74. c8=Q (74. c8=R Rxf8 75. Rxf8 Ke5 $18) (74. Qg8 Ke7 $18) 74... Bxc8 75. Qxc8+ Ke7 76. Qc5+ Ke8 77. Qc6+ Kf8 78. Qxg6) 69... Ke7 70. Kg3 Be6 71. Qe5 (71. Qg5+ $142 Kf7 72. Kf4 (72. Qf4+ Ke7 $18) 72... Bc8 73. Qd5+ Be6 74. Qd8 Bc8 75. Kg5 Rg8 76. Qf6+ Ke8 77. Qd6) 71... Kf7 72. Kf4 {[%emt 0:00:29] White mates.} Bc8 73. Qd6 Re6 74. Qd5 Kf6 75. Qd8+ {[%emt 0:00:12] Weighted Error Value: White=0.34/Black=0.47.  Mistake:       	White=3     	Black=7      Inaccurate:     	White=1     	Black=6      OK:         	White=16    	Black=9      Best:        	White=2     	Black=2} 1-0

[Event "French-ch U16-U18 2024"]
[Site "Agen"]
[Date "2024.04.21"]
[Round "9.12"]
[White "Le Coz, Marie Sarah"]
[Black "Berezovsky, Fiorina"]
[Result "1-0"]
[ECO "A46"]
[WhiteElo "1840"]
[BlackElo "1848"]
[Annotator "NA RC COMBH"]
[PlyCount "79"]
[EventDate "2024.04.14"]
[EventType "swiss"]
[EventCountry "FRA"]
[SourceTitle "playchess.com"]
[Source "ChessBase"]
[SourceQuality "1"]
[TimeControl "5400+30"]

1. d4 Nf6 2. Nf3 e6 3. g3 b5 4. Bg2 Bb7 5. O-O Be7 6. b3 {[%emt 0:03:21] A46: 1 d4 Nf6 2 Nf3 e6: Torre, London and Colle Systems.} b4 7. Bb2 d5 8. Nbd2 Nbd7 9. Ne5 O-O 10. e3 c5 11. f4 ({Better is} 11. Nxd7 $11 Nxd7 12. dxc5) 11... Qc7 12. g4 Nxe5 13. dxe5 Ne4 14. Nxe4 dxe4 15. f5 exf5 16. gxf5 f6 17. e6 Bd6 18. Qh5 Rad8 19. Rad1 Ba6 {[%emt 0:03:37] [#]} 20. Rfe1 $1 Bb7 21. Kh1 Qc6 (21... Kh8 $14) 22. Qg4 Qe8 (22... Kh8 $142 23. Bf1 Be7) 23. Rg1 (23. Bxe4 Bxe4+ 24. Qxe4 Qh5 $11) 23... Kh8 24. Bf1 Qe7 25. Rd2 Bc7 26. Rdg2 Rg8 27. Qh5 Bc6 $2 (27... Rdf8 28. Rg4 g5 29. fxg6 (29. Rxg5 Rxg5 30. Qxg5 Bc6 $18) 29... Rg7) 28. Rg4 h6 29. Rg6 Kh7 {[%emt 0:02:55] [#]} 30. Bxf6 $1 Qxf6 31. Rxf6 gxf6 32. Qf7+ Kh8 33. Qxf6+ Kh7 34. Qf7+ Kh8 35. Rg6 Bf4 36. e7 Rde8 37. Qf6+ Kh7 38. Rxg8 Rxg8 39. Qxc6 Bxe3 40. Bg2 1-0

[Event "French-ch U16-U18 2024"]
[Site "Agen"]
[Date "2024.04.21"]
[Round "9.13"]
[White "Diez, Agathe"]
[Black "Yaghi, leen"]
[Result "1-0"]
[ECO "E11"]
[WhiteElo "1954"]
[BlackElo "1941"]
[Annotator "TA"]
[PlyCount "97"]
[EventDate "2024.04.14"]
[EventType "swiss"]
[EventCountry "FRA"]
[SourceTitle "playchess.com"]
[Source "ChessBase"]
[SourceQuality "1"]
[TimeControl "5400+30"]

1. d4 d5 2. c4 e6 3. Nf3 Nf6 4. g3 Bb4+ 5. Bd2 a5 6. a3 Be7 7. Bg2 O-O 8. Qc2 c6 9. O-O Nbd7 10. Rd1 Ne4 11. Nc3 f5 12. Bf4 {[%emt 0:06:36] The position is equal.} Ndf6 13. Ne5 Bd7 (13... g5 $14 14. Be3 Qc7) 14. f3 (14. c5 $16) 14... Nxc3 $14 15. bxc3 c5 16. Qb3 Bc6 {[%emt 0:00:30] [#]} 17. e4 a4 18. Qc2 Nh5 (18... fxe4 $14 19. fxe4 Nxe4) 19. Be3 {[%emt 0:02:30] White is more active.} ({White should try} 19. Bc1 $16) 19... f4 (19... dxe4 $11 20. fxe4 (20. dxc5 Qc7 $17) 20... Bxe4 21. Bxe4 fxe4) 20. gxf4 (20. cxd5 $16 exd5 21. Nxc6 bxc6 22. gxf4 (22. Bf2 c4 $11)) 20... Nxf4 $11 21. cxd5 exd5 22. Qd2 Nxg2 23. Qxg2 Bd6 ({Black should play} 23... Qe8 $11) 24. Nxc6 $14 bxc6 25. e5 cxd4 {[%emt 0:03:53] [#]} (25... Bc7 $11) 26. cxd4 (26. Bg5 $1 $16 Be7 27. Bh6) 26... Bb8 27. Rac1 Qd7 28. Rc3 (28. Qg4 $14 {was preferrable.} Rf5 29. Kg2 (29. Rxc6 h5 $14)) 28... Ba7 29. Rdc1 Rac8 30. Qg4 Qe8 31. Bh6 $2 {[%emt 0:02:43] [#]} (31. f4 $14 {keeps the upper hand.}) 31... Bxd4+ $1 32. Qxd4 Qg6+ (32... gxh6 $6 33. Kh1 Qe7 34. Qxa4 $11 (34. Rxc6 Rxc6 35. Rxc6 Qxa3 $11)) 33. Kh1 {[%emt 0:00:38][%cal Oh6g7] Threatens to win with Bxg7!} Qxh6 (33... gxh6 $2 34. Rg1 $18 (34. Qxa4 Qf7 $14) (34. Qxa4 Kh8 $14)) 34. Qxa4 (34. Rxc6 $2 Rxc6 35. Qxd5+ Re6 $19) 34... Rxf3 $1 {[%emt 0:00:46] ...Qh3 would now be deadly.} 35. Rxc6 $2 (35. Qg4 $17 Rff8 36. Re1) 35... Rxc6 (35... Qxc1+ 36. Rxc1 Rxc1+ 37. Kg2 $17) 36. Rxc6 $17 {[%emt 0:00:23] KQR-KQR} Qh5 $2 (36... Qh3 {mates} 37. Qa8+ Rf8 38. Qxf8+ Kxf8 39. Kg1 d4 (39... Qxa3 $2 40. Rc8+ Kf7 41. Rc7+ Kg6 42. Rc6+ Kf5 43. Kf1 $19) 40. Rc2 Qxa3 41. Rc8+ Ke7 42. Rc7+ Ke6 43. Rc8 Qe3+ (43... Kxe5 44. Rc7 d3 45. Kf2 Qb2+ 46. Kf3 Qe2+ 47. Kg3 Qe1+ 48. Kg2 d2 49. Re7+ Kd6 50. Rxe1 dxe1=Q 51. Kf3 Ke5 52. h3 Qc3+ 53. Kg2 Kf4 54. h4 Qc2+ 55. Kg1 Kf3 56. h5 Qg2#) 44. Kg2 d3 (44... Kxe5 45. Re8+ Kf4 46. Rxe3 Kxe3 47. Kf1 d3 48. Ke1 d2+ 49. Kd1 g5 50. Kc2 g4 51. Kc3 d1=Q 52. Kb4 Qd6+ 53. Kb5 Kd3 54. h4 gxh3 55. Ka4 Qb6 56. Ka3 Kc3 57. Ka4 Qb4#) 45. Rf8 d2 (45... Qxe5 46. Re8+ Kf5 47. Rxe5+ Kxe5 48. Kf2 Kd4 49. h4 Kc3 50. h5 d2 51. Ke2 Kc2 52. Kf3 d1=Q+ 53. Kf4 Qxh5 54. Ke4 Kc3 55. Kf4 Kd4 56. Kg3 Ke3 57. Kg2 Qg5+ 58. Kh1 Kf3 59. Kh2 Qg2#) 46. Rf1 Qe2+ (46... Kxe5 {gets mated.} 47. Ra1 Qd4 48. Rf1 d1=Q 49. Rxd1 Qxd1 50. Kg3 Qd3+ 51. Kg2 Kf4 52. h3 Qc2+ 53. Kg1 Kg3 54. Kh1 Qh2#) (46... Qe4+ 47. Kg3 Qe3+ 48. Kg2 Qe2+ 49. Kg1 Kxe5 50. h4 d1=Q 51. Rxd1 Qxd1+ 52. Kf2 Kf4 53. h5 Qd2+ 54. Kf1 Kf3 55. Kg1 Qg2#) 47. Kg1 Kxe5 (47... d1=B 48. Rf8 Bc2 49. Rf2 Qe1+ 50. Rf1 Qe3+ 51. Rf2 Bf5 52. h3 Bxh3 53. Kh1 Qe1+ 54. Kh2 Qxf2+ 55. Kxh3 Kf5 56. e6 Kf4 57. e7 Qg3#) (47... Qxf1+ {leads to mate.} 48. Kxf1 d1=Q+ 49. Kf2 Qd3 50. h3 Kf5 51. h4 Kf4 52. Kg2 Qc2+ 53. Kh1 Kg3 54. h5 Qh2#) 48. h3 Ke4 (48... d1=B 49. Rf7 Qe1+ 50. Kh2 Ke6 51. Rf8 Ke7 52. Rf5 Qe2+ 53. Kg1 Qe3+ 54. Kf1 Qd3+ 55. Kf2 Qxf5+ 56. Ke3 Qxh3+ 57. Ke4 Kd6 58. Kd4 Be2 59. Ke4 Qf3+ 60. Kd4 Qd3#) (48... Qxf1+ 49. Kxf1 d1=Q+ 50. Kf2 Kf4 51. Kg2 Qe2+ 52. Kg1 Kf3 53. h4 Qg2#) 49. Ra1 d1=Q+ (49... d1=B 50. Ra3 Qd2 51. h4 Kf4 52. h5 Bf3 53. Ra4+ Kg3 54. Rg4+ Bxg4 55. Kh1 Qh2#) 50. Rxd1 Kf3 (50... Qxd1+ 51. Kf2 Qf3+ 52. Kg1 Qg3+ 53. Kf1 Kf3 54. h4 Qf2#) 51. Rf1+ Kg3 52. Rf3+ Qxf3 53. h4 Qg2#) 37. Rc8+ Rf8 38. Rxf8+ Kxf8 $11 {[%emt 0:00:00] KQ-KQ} 39. Qa8+ Ke7 40. Qxd5 Qf5 41. Qd6+ Ke8 42. Kg2 {[%emt 0:00:14] Prevents Qf1+.} Qg4+ 43. Kf2 Qh4+ 44. Ke3 Qh3+ 45. Kd4 {[%emt 0:00:07] And now e6 would win.} Qg4+ (45... Qxh2 $11 46. Qb8+ Ke7) 46. Kc5 $18 {[%emt 0:00:47] Black must now prevent e6.} Qg1+ {[%emt 0:00:10] [#]} 47. Kc6 $1 {[%emt 0:00:12] White wants to mate with e6.} Qg2+ 48. Kc7 (48. Qd5 $142 Qh3 49. e6 (49. Qg8+ Ke7 $18) 49... Qc3+ 50. Kb6 (50. Qc5 Qf3+ 51. Kb6 Qd1 $18)) 48... Qg4 49. e6 {[%emt 0:00:29] Never resign too early!   Weighted Error Value: White=0.40/Black=0.65.  Loses game:     	White=1     	Black=1      Mistake:       	White=7     	Black=5      Inaccurate:     	White=3     	Black=7      OK:         	White=8     	Black=8      Best:        	White=1     	Black=1      Strong:       	---       	Black=1} 1-0